[Event "Torneo Nuevo Centro. Jornada 10"]
[Site "Chess.com"]
[Date "2020.08.21"]
[Round "7"]
[White "Fenollar Jorda, Manolo"]
[Black "Macias Pino, Diego"]
[Result "1-0"]
[WhiteElo "2488"]
[BlackElo "2261"]
[TimeControl "180+2"]
[EndTime "11:50:30 PDT"]
[Termination "Victoria de Cucudrulu por abandono"]

1. d4 d5 2. Nf3 Nf6 3. e3 a6 4. Bd3 e6 5. O-O Bd6 6. Nbd2 c5 7. c3 Nc6 8. Qe2 Qc7 9. dxc5 Bxc5 10. e4 dxe4 11.
Nxe4 Be7 12. Bg5 Nd5 13. Bxe7 Ncxe7 14. g3 Ng6 15. Rfd1 O-O 16. Rac1 b6 17. c4 Nb4 18. c5 Nxd3 19. Rxd3 bxc5 20. Rxc5 Qe7 21. Rdc3 Bb7 22.
Rc7 Qb4 23. R3c4 Qb6 24. b3 Bd5 25. Rc1 Rfd8 26. h4 h6 27. R7c3 Ne7 28. Ne5 Nf5 29. Kh2 Qb7 30. Nc5 Qb5 31. Qg4 Qe8 32.
Ncd3 Rdc8 33. Nf4 Rxc3 34. Rxc3 Bb7 35. Qd1 Rd8 36. Qc1 Rc8 37. Rxc8 Bxc8 38. Qc5 Bb7 39.
h5 Ba8 40. g4 Ne7 41. Kg3 Nd5 42. Nxd5 exd5 43. Qd6 f6 44. Nf3 d4 45. Qxd4 Kh8 46.
Nh4 Kh7 47. Qd3+ Be4 48. Qe3 Qe5+ 49. Qf4 Qc3+ 50. f3 Qe1+ 51. Kh3 Qh1+ 52. Qh2 Qe1 53. fxe4 Qxe4 54. Qf2 Qh1+ 55. Kg3 Kh8 56. Ng6+ Kh7 57. Qc2 Qg1+ 58. Kf3 Qf1+ 59. Ke3 Qe1+ 60. Kd4 Qg1+ 61. Kd5 Qh1+ 62. Kc5 Qg1+ 63. Kc6 Qh1+ 64. Kb6 f5 65. Qxf5 Qg1+ 66. Kxa6 Qb6+ 1

[Event "Torneo Nuevo Centro. Jornada 10"]
[Site "Chess.com"]
[Date "2020.08.21"]
[Round "7"]
[White "Garcia, Jhoel"]
[Black "Castellano López, Javier"]
[Result "0-1"]
[WhiteElo "2385"]
[BlackElo "1920"]
[TimeControl "180+2"]
[EndTime "11:50:33 PDT"]
[Termination "Victoria de its_xavi_official por abandono"]

1. e4 c6 2. d4 d5 3. Nc3 dxe4 4. Nxe4 Bf5 5. Ng3 Bg6 6. Nh3 h6 7. Nf4 Bh7 8. Bc4 Nf6 9. Qe2 Nd5 10. Nxd5 cxd5 11.
Bb5+ Nc6 12. O-O e6 13. f4 Bd6 14. f5 Bxg3 15. fxe6 Bxh2+ 16. Kxh2 Qd6+ 17. Bf4 Qxe6 18. Rae1 Qxe2 19. Rxe2+ Be4 20. Rxe4+ dxe4 21. d5 Rc8 22. dxc6 bxc6 23. Ba6 Rd8 24. Re1 f5 25. Bb7 O-O 26.
Bxc6 g5 27. Be5 Rd2 28. Ba4 Rfd8 29. Bc3 Rd1 30. Re2 Kf7 31. Be1 R1d4 32. c4 Kg6 33.
Bb3 Re8 34. Bc3 Rdd8 35. Bc2 g4 36. c5 Rc8 37. b4 a5 38. a3 Re7 39. Kg3 axb4 40.
axb4 Rce8 41. Kf4 Ra8 42. c6 Ra3 43. Be5 h5 44. c7 Re8 45. b5 h4 46. b6 h3 47. b7 hxg2 48. Bxe4 g1=Q 49. Bxf5+ Kh5 50. c8=Q Rf3+ 51. Ke4 Qb1+ 52. Qc2 Qxb7+ 53. Kd4 Rd8+ 54. Kc5 Qa7+ 55. Kc4 Qf7+ 56. Kc5 Qxf5 57. Rh2+ Kg6 58. Kc6 Qxc2+ 59. Rxc2 Rf5 60. Bc7 Rdf8 61. Bd6 R8f6 62.
Kd7 Rd5 63. Ke7 Rdxd6 64. Rg2 Rde6+ 65. Kd7 Kf5 0

[Event "Torneo Nuevo Centro. Jornada 10"]
[Site "Chess.com"]
[Date "2020.08.21"]
[Round "7"]
[White "Iravedra Ainkov, Francisco"]
[Black "Bosch Jordà, Ricard"]
[Result "1/2-1/2"]
[WhiteElo "1830"]
[BlackElo "1940"]
[TimeControl "180+2"]
[EndTime "11:50:47 PDT"]
[Termination "Partida en tablas por mutuo acuerdo"]

1. e4 c5 2. c3 Nf6 3. e5 Nd5 4. Nf3 Nc6 5. Bc4 Nb6 6. Bb3 c4 7. Bc2 g6 8. d4 cxd3 9. Bxd3 Bg7 10. Bf4 O-O 11. O-O d6 12. exd6 exd6 13. Na3 Ne5 14. Bc2 Bg4 15. Be4 d5 16. Bxe5 dxe4 17. Qxd8 Rfxd8 18. Bxg7 exf3 19. Bd4 fxg2 20. Kxg2 Nd5 21. Rfe1 h5 22.
f3 Bf5 23. Rad1 Nf4+ 24. Kf2 Nd3+ 25. Rxd3 Bxd3 26. Re7 Re8 27. Rxb7 Re2+ 28. Kg3 a6 29. h4 Rae8 30. Bf6 R2e6 31. Bd4 Re1 32. Kg2 Rf1 33.
Rb6 Re2+ 34. Kxf1 Rxb2+ 35. Ke1 Re2+ 36. Kd1 f5 37. Rxg6+ Kf7 38. Rd6 Rxa2 39. Nb1 Bxb1 40. Rh6 Rh2 41. Rxh5 Bd3 42. Be5 Be2+ 43. Ke1 Bxf3 44.
Rxf5+ Ke6 45. Bxh2 Kxf5 46. Kf2 Bh5 47. Ke3 Ke6 48. Bg3 Kd5 49. Kd3 Kc5 50. Bf2+ Kb5 51. Kd4 a5 52. Be3 a4 53. Bc1 Bg4 54. c4+ Kb4 55.
c5 Kb3 56. c6 Kc2 57. Ba3 Kb3 58. Bf8 a3 59. Bxa3 Kxa3 60. Kd5 Kb4 61. Kd6 Kb5 62. c7 Kb6 63. h5 Kb7 64. h6 Bf5 65. Ke5 Bc2 66.
Kd6 Kc8 67. Kc6 Be4+ 68. Kd6 1/2-1

[Event "Torneo Nuevo Centro. Jornada 10"]
[Site "Chess.com"]
[Date "2020.08.21"]
[Round "8"]
[White "Leal Uribe, Jhonny Alberto"]
[Black "Escalona Moncholi, Felix"]
[Result "1/2-1/2"]
[WhiteElo "2435"]
[BlackElo "2098"]
[TimeControl "180+2"]
[EndTime "11:51:47 PDT"]
[Termination "Partida en tablas por mutuo acuerdo"]

1. d4 d5 2. Nf3 c5 3. c3 Nc6 4.
e3 e6 5. Nbd2 Nf6 6. Bd3 Bd6 7.
dxc5 Bxc5 8. O-O O-O 9. e4 dxe4 10. Nxe4 Nxe4 11. Bxe4 Qxd1 12. Rxd1 1/2-1

[Event "Torneo Nuevo Centro. Jornada 10"]
[Site "Chess.com"]
[Date "2020.08.21"]
[Round "8"]
[White "Pardo Ruiz, Beatriz"]
[Black "Maestre Soler, Sergio"]
[Result "0-1"]
[WhiteElo "1276"]
[BlackElo "945"]
[TimeControl "180+2"]
[EndTime "11:54:19 PDT"]
[Termination "Victoria de Sergiete2011 por jaque mate"]

1. e4 e5 2. Nf3 Bc5 3. Nxe5 Qh4 4. Qf3 Nf6 5. Nc3 Nc6 6. Nxc6 dxc6 7. e5 Nd7 8. Bc4 Nxe5 9. Qe2 Bd6 10. O-O O-O 11. d3 Nxc4 12. dxc4 Qxh2# 0

[Event "Torneo Nuevo Centro. Jornada 10"]
[Site "Chess.com"]
[Date "2020.08.21"]
[Round "8"]
[White "Ursariu, Nikolas Victor"]
[Black "Conejero Martínez, Víctor"]
[Result "1-0"]
[WhiteElo "1167"]
[BlackElo "1390"]
[TimeControl "180+2"]
[EndTime "11:54:20 PDT"]
[Termination "Victoria de NikolasVictor por abandono"]

1. e4 c5 2. Nf3 Nc6 3. Nc3 d6 4. Bc4 e6 5. d3 Nf6 6. Bg5 a6 7. O-O b5 8. Bb3 Be7 9. Re1 d5 10. exd5 exd5 11. Bxf6 c4 12. Bxe7 Nxe7 13. dxc4 dxc4 14.
Qxd8+ Kxd8 15. Rad1+ Ke8 16. Rd2 cxb3 17. cxb3 f6 18.
Rde2 Ra7 19. Nd5 Bb7 20. Rxe7+ Kf8 21. Re8+ Kf7 22. R1e7+ Kg6 23. Rxh8 Bxd5 24. Rxa7 Bxf3 25. gxf3 1

[Event "Torneo Nuevo Centro. Jornada 10"]
[Site "Chess.com"]
[Date "2020.08.21"]
[Round "8"]
[White "Gukasov, Artem"]
[Black "Polikarpov, Anton"]
[Result "1-0"]
[WhiteElo "1466"]
[BlackElo "1314"]
[TimeControl "180+2"]
[EndTime "11:54:44 PDT"]
[Termination "Victoria de ArtemGukasov por jaque mate"]

1. e4 e5 2. Nf3 Nc6 3. Bc4 Bc5 4. Nc3 d6 5. d3 Bg4 6. h3 Bxf3 7. Qxf3 Nf6 8. Bg5 h6 9. Be3 Bxe3 10. fxe3 O-O 11. O-O-O Nb4 12. a3 Nc6 13. Rdf1 Na5 14. Ba2 c6 15. g4 h5 16. g5 Nh7 17. Bxf7+ Kh8 18. g6 Ng5 19. Qxh5+ Nh7 20. Qxh7# 1

[Event "Torneo Nuevo Centro. Jornada 10"]
[Site "Chess.com"]
[Date "2020.08.21"]
[Round "8"]
[White "Perez Garcia, Jose Miguel"]
[Black "Iravedra Ainkov, Francisco"]
[Result "1-0"]
[WhiteElo "2062"]
[BlackElo "1827"]
[TimeControl "180+2"]
[EndTime "11:54:57 PDT"]
[Termination "Victoria de PEREZOV69 por abandono"]

1. e4 d6 2. g3 Nf6 3. Bg2 g6 4. Ne2 Nc6 5. O-O Bg7 6. h3 O-O 7. d4 e5 8. c3 Bd7 9. Be3 Qc8 10. Kh2 h5 11. f3 Kh7 12. Qd2 a6 13. d5 Na5 14. b3 b6 15. c4 Nb7 16. Nbc3 Nc5 17.
b4 Na4 18. Nxa4 Bxa4 19. Nc3 Bd7 20. c5 bxc5 21. bxc5 Bb5 22. Rfb1 Bd7 23. c6 Be8 24. Rb7 Rb8 25. Rab1 Rxb7 26. cxb7 Qb8 27. Ba7 Qxa7 28.
b8=Q Bb5 29. Qxa7 1

[Event "Torneo Nuevo Centro. Jornada 10"]
[Site "Chess.com"]
[Date "2020.08.21"]
[Round "8"]
[White "Montesinos Diaz, Luis"]
[Black "Soliva Ruiz, Ramon"]
[Result "1-0"]
[WhiteElo "1878"]
[BlackElo "1525"]
[TimeControl "180+2"]
[EndTime "11:55:09 PDT"]
[Termination "Victoria de Gwiso_06 por abandono"]

1. e4 d6 2. Nf3 g6 3. Bc4 e6 4.
d4 Bg7 5. c3 a6 6. O-O Ne7 7. Bf4 b5 8. Bd3 Nd7 9. a4 Bb7 10. Nbd2 bxa4 11. Qxa4 O-O 12. h3 c5 13. Bxd6 cxd4 14. cxd4 Nb6 15. Qb4 Nc6 16. Qa3 Re8 17.
e5 Nd5 18. Ne4 Qd7 19. Nc5 Qc8 20. Qb3 Na5 21. Rxa5 1

[Event "Torneo Nuevo Centro. Jornada 10"]
[Site "Chess.com"]
[Date "2020.08.21"]
[Round "8"]
[White "Vicent Lázaro, Elena"]
[Black "Alvarez Usina, Jordi"]
[Result "0-1"]
[WhiteElo "677"]
[BlackElo "1262"]
[TimeControl "180+2"]
[EndTime "11:55:21 PDT"]
[Termination "Victoria de jordi_alvarez por jaque mate"]

1. e4 e5 2. c4 Nf6 3. c5 Bxc5 4. Bc4 d6 5. Bb3 Nxe4 6. Qc2 Nxf2 7. Qc4 Be6 8. Qb5+ Bd7 9. Qxb7 Bc6 10. Qxa8 Bxa8 11. Nh3 Nxh1 12. Ng5 Qxg5 13. d4 Qxc1+ 14. Ke2 Qxb2+ 15. Kd1 Bxd4 16. Bxf7+ Kxf7 17. Ke1 Qxa1 18.
Kf1 Qxb1+ 19. Ke2 Qxa2+ 20. Kf1 Qxg2+ 21. Ke1 Qxh2 22. Kf1 Qf2# 0

[Event "Torneo Nuevo Centro. Jornada 10"]
[Site "Chess.com"]
[Date "2020.08.21"]
[Round "8"]
[White "Sampedro Roig, Josep Francesc"]
[Black "Cantero Navarro, Antonio"]
[Result "1-0"]
[WhiteElo "1833"]
[BlackElo "1926"]
[TimeControl "180+2"]
[EndTime "11:55:36 PDT"]
[Termination "Victoria de Abrekurios por abandono"]

1. e4 c5 2. Nf3 Nc6 3. d4 cxd4 4. Nxd4 g6 5. c4 Bg7 6. Be3 Nf6 7. Nc3 O-O 8. Be2 d6 9. O-O a5 10. Rc1 Nxd4 11.
Bxd4 Bd7 12. b3 Bc6 13. f3 Nd7 14. Bxg7 Kxg7 15. Qd4+ Kg8 16. Rfd1 Qb6 17. Nd5 Bxd5 18. cxd5 Qxd4+ 19. Rxd4 Rfc8 20. Rdc4 Rxc4 21. Rxc4 Nc5 22.
b4 axb4 23. Rxb4 Rxa2 24. Bc4 Kg7 25. Bxa2 Kf6 26. Bc4 Ke5 27. Kf2 Kd4 28. Bb5+ Kc3 29. Rc4+ Kd2 30. Rxc5 dxc5 31. e5 Kc3 32. d6 exd6 33.
exd6 1

[Event "Torneo Nuevo Centro. Jornada 10"]
[Site "Chess.com"]
[Date "2020.08.21"]
[Round "8"]
[White "Marques Montolio, Luis"]
[Black "Romera Navia, Alberto"]
[Result "1-0"]
[WhiteElo "1461"]
[BlackElo "1776"]
[TimeControl "180+2"]
[EndTime "11:55:49 PDT"]
[Termination "Victoria de ateneomaritimo por jaque mate"]

1. e4 e5 2. Nf3 Bc5 3. Bc4 Nc6 4.
O-O Nf6 5. d3 O-O 6. c3 d5 7.
exd5 Nxd5 8. b4 Bb6 9. Qb3 Be6 10. a4 a5 11. b5 Nce7 12. Nxe5 Qd6 13. Nf3 Nf4 14.
Bxe6 Nxe6 15. d4 Rae8 16. Nbd2 Nf4 17. Nc4 Ne2+ 18. Kh1 Qe6 19. Be3 Nf5 20. Qa2 Nxc3 21. Qc2 Qxc4 22. Rac1 Nxe3 23. fxe3 Rxe3 24. Ng5 Qe2 25.
Qxh7# 1

[Event "Torneo Nuevo Centro. Jornada 10"]
[Site "Chess.com"]
[Date "2020.08.21"]
[Round "8"]
[White "Macias Pino, Diego"]
[Black "Aymerich Rosell, Pablo"]
[Result "1-0"]
[WhiteElo "2264"]
[BlackElo "1995"]
[TimeControl "180+2"]
[EndTime "11:56:27 PDT"]
[Termination "Victoria de adivinaquiensoy por abandono"]

1. d4 Nf6 2. Nf3 g6 3. c3 d5 4.
Bf4 Bg7 5. Nbd2 O-O 6. e3 b6 7.
h3 c5 8. Qc2 Bb7 9. Bd3 Nbd7 10.
O-O c4 11. Be2 b5 12. Rfe1 a5 13. b3 Rc8 14. a4 cxb3 15. Qxb3 b4 16. cxb4 axb4 17.
Qxb4 Bc6 18. a5 Nh5 19. Bh2 f5 20. Ng5 Rf6 21. Be5 Nxe5 22. dxe5 Rf8 23. Ne6 Qd7 24. Nxf8 Rxf8 25. Bxh5 gxh5 26. Nf3 f4 27. exf4 d4 28.
Qxd4 Qf5 29. Qc4+ Kh8 30. Qxc6 Qxf4 31. a6 1

[Event "Torneo Nuevo Centro. Jornada 10"]
[Site "Chess.com"]
[Date "2020.08.21"]
[Round "8"]
[White "Donate Moreno, Silvia"]
[Black "Gil López, Alejandro"]
[Result "0-1"]
[WhiteElo "1859"]
[BlackElo "2211"]
[TimeControl "180+2"]
[EndTime "11:56:34 PDT"]
[Termination "Victoria de AglVal0313 por abandono"]

1. e4 c5 2. Nf3 g6 3. d4 cxd4 4. Nxd4 Bg7 5. c4 Nc6 6. Be3 d6 7. Nc3 Nf6 8. Be2 O-O 9. O-O Bd7 10. Qd2 Rb8 11. f3 a6 12. a4 Qa5 13. Rfd1 Rfd8 14.
Nc2 Be6 15. Rdb1 Rdc8 16. b4 Qd8 17. Na2 Nxe4 18. fxe4 Bxa1 19. Rxa1 Ne5 20. Bh6 Bxc4 21. Bxc4 Rxc4 22. Qe2 Qb6+ 23. Ne3 Rxe4 24. Kh1 Ng4 25. a5 0

[Event "Torneo Nuevo Centro. Jornada 10"]
[Site "Chess.com"]
[Date "2020.08.21"]
[Round "8"]
[White "Ledezma Fortes, Jose Manuel"]
[Black "Blanco Solaz, Ramón"]
[Result "0-1"]
[WhiteElo "1783"]
[BlackElo "1996"]
[TimeControl "180+2"]
[EndTime "11:56:56 PDT"]
[Termination "Victoria de Rbs77 por jaque mate"]

1. c4 d6 2. d4 g6 3. Bg5 h6 4.
Bh4 c5 5. e3 Qb6 6. b3 Bg7 7.
dxc5 Qxc5 8. Nd2 Bxa1 9. Qxa1 Qe5 10. Qb1 Bf5 11. e4 Bd7 12. Ngf3 Qg7 13. Bd3 Nc6 14. O-O Nf6 15. b4 Ng4 16. Re1 O-O 17. b5 Nd4 18.
Bxe7 Rfe8 19. Bxd6 Rad8 20. c5 b6 21. h3 Nxf3+ 22. Nxf3 Nf6 23. e5 Nh5 24. c6 Be6 25. c7 Rc8 26. Be4 g5 27. Qd1 g4 28.
hxg4 Bxg4 29. Qd3 Nf4 30. Qb3 Be6 31. Qa3 Qxg2# 0

[Event "Torneo Nuevo Centro. Jornada 10"]
[Site "Chess.com"]
[Date "2020.08.21"]
[Round "8"]
[White "Pardo Ruiz, Carlos"]
[Black "Yuste Valenzuela, Alejandro"]
[Result "0-1"]
[WhiteElo "1686"]
[BlackElo "1865"]
[TimeControl "180+2"]
[EndTime "11:56:59 PDT"]
[Termination "Victoria de alejandrito290 por jaque mate"]

1. e4 c5 2. Nf3 d6 3. d4 cxd4 4. Nxd4 Nf6 5. Nc3 g6 6. f3 Bg7 7. Be3 O-O 8. Qd2 Nc6 9. g4 Be6 10. h4 h5 11. gxh5 Nxh5 12. Rg1 Nxd4 13. Bxd4 Rc8 14.
Bxg7 Kxg7 15. Qg5 Rh8 16. Bd3 Qb6 17. O-O-O Rc5 18. Qe3 Qa5 19. Qd4+ Kg8 20. a3 Nf4 21. Rh1 Rhh5 22. Rdg1 b5 23. Bxb5 Rxb5 24. Nxb5 Ne2+ 25. Kb1 Nxd4 26. Nxd4 Qe5 27. Nc6 Qf4 28. Nxe7+ Kg7 29.
Nc6 Rxh4 30. Rxh4 Qxh4 31. Nxa7 Qf2 32. Rc1 Qxa7 33. c4 Qd4 34. a4 Bxc4 35. a5 Bd3+ 36. Rc2 Qa4 37. a6 Qxc2+ 38. Ka2 Qa4# 0

[Event "Torneo Nuevo Centro. Jornada 10"]
[Site "Chess.com"]
[Date "2020.08.21"]
[Round "8"]
[White "Fente Fernandez, Jose Ignacio"]
[Black "Fitzpatrick Dimas  , Andrew "]
[Result "1-0"]
[WhiteElo "1512"]
[BlackElo "1031"]
[TimeControl "180+2"]
[EndTime "11:57:04 PDT"]
[Termination "Victoria de SrFente por abandono"]

1. e4 Nc6 2. d4 d5 3. exd5 Qxd5 4. Nf3 Bg4 5. Nc3 Qe6+ 6. Be3 O-O-O 7. Qe2 Nf6 8.
O-O-O Ne4 9. d5 Nxc3 10. bxc3 Qf6 11. dxc6 Qxc6 12. Rxd8+ Kxd8 13. Qd3+ Kc8 14. Ne5 Qe6 15.
Nxg4 Qxg4 16. Be2 Qxg2 17. Rd1 b6 18. Qa6+ Qb7 19. Rd8+ 1

[Event "Torneo Nuevo Centro. Jornada 10"]
[Site "Chess.com"]
[Date "2020.08.21"]
[Round "8"]
[White "De Nacimiento Montano, Antonio"]
[Black "Serrano Requena, Guillem"]
[Result "1-0"]
[WhiteElo "1855"]
[BlackElo "1317"]
[TimeControl "180+2"]
[EndTime "11:57:18 PDT"]
[Termination "Victoria de Twitch_adn4815 por jaque mate"]

1. e4 c5 2. Nf3 g6 3. d4 cxd4 4. Nxd4 Bg7 5. c4 Nc6 6. Be3 a6 7. Nc3 e6 8. Be2 d6 9. O-O Nge7 10. Kh1 O-O 11. f4 e5 12. Nxc6 bxc6 13. Qd2 Bb7 14. Rad1 Qd7 15. Qxd6 Qxd6 16. Rxd6 c5 17. Nd5 Nxd5 18.
cxd5 exf4 19. Bxc5 Rfe8 20. Bf3 Rab8 21. b4 Rbc8 22. Rd7 Ba8 23. Rd1 a5 24. a3 axb4 25. axb4 Bf8 26. Rc1 Bxc5 27. bxc5 f5 28. exf5 gxf5 29.
h4 Re5 30. h5 h6 31. Kg1 Kf8 32. Kf2 Ke8 33. Rh7 Bxd5 34. Rxh6 Bxf3 35. Kxf3 Rexc5 36. Rxc5 Rxc5 37. Kxf4 Kf7 38. Ra6 Kg7 39. Kg5 Rb5 40. Ra7+ Kh8 41. h6 Rb2 42. g3 Rb3 43. Kf4 Rb5 44.
Rf7 Rb6 45. Kg5 f4 46. gxf4 Kg8 47. Ra7 Kh8 48. f5 Kg8 49. f6 Kh8 50. Kg6 Rc6 51. Ra8+ Rc8 52. Rxc8# 1

[Event "Torneo Nuevo Centro. Jornada 10"]
[Site "Chess.com"]
[Date "2020.08.21"]
[Round "8"]
[White "Ainsa Jimenez, Lucas"]
[Black "Gómez Alonso, Óscar"]
[Result "0-1"]
[WhiteElo "1170"]
[BlackElo "1823"]
[TimeControl "180+2"]
[EndTime "11:57:30 PDT"]
[Termination "Victoria de osgo78 por jaque mate"]

1. e4 c5 2. Nf3 e6 3. Bc4 Qc7 4. d3 Nc6 5. Nc3 a6 6. O-O b5 7. Bb3 Na5 8. g3 Nxb3 9. axb3 Bb7 10. Bf4 d6 11. e5 d5 12. Re1 Qc6 13. Qe2 b4 14.
Nd1 d4 15. Kg2 Ne7 16. c3 bxc3 17. bxc3 Nf5 18. c4 Be7 19. Nb2 h5 20. h4 Bxh4 21. gxh4 Nxh4+ 22. Kg3 Nxf3 23. Qe4 Nxe1 24. Rxe1 Qxe4 25.
Rxe4 Bxe4 26. dxe4 h4+ 27. Kg2 f6 28. exf6 gxf6 29.
Na4 e5 30. Bh2 O-O-O 31. Nxc5 Rdg8+ 32. Kf1 a5 33. Ne6 Kd7 34. Nc5+ Kc6 35. Na4 Rb8 36. Ke2 Rxb3 37. f3 Ra3 38. Nb2 Ra2 39. Kf2 Rxb2+ 40. Kg1 Rxh2 41. Kxh2 a4 42. c5 a3 43. f4 a2 44. f5 a1=Q 45. Kg2 Qb2+ 46. Kh3 Qc3+ 47. Kg4 Qg3# 0

[Event "Torneo Nuevo Centro. Jornada 10"]
[Site "Chess.com"]
[Date "2020.08.21"]
[Round "8"]
[White "Sanchis Bon, Sergi"]
[Black "Garrido Silos, Pablo"]
[Result "0-1"]
[WhiteElo "1001"]
[BlackElo "1441"]
[TimeControl "180+2"]
[EndTime "11:57:41 PDT"]
[Termination "Victoria de Picotina por tiempo"]

1. e4 e6 2. e5 c5 3. c4 Nc6 4. Nf3 Qc7 5. Nc3 Nxe5 6. Nxe5 Qxe5+ 7. Qe2 Qxe2+ 8. Bxe2 a6 9. d3 Nf6 10. Bd2 Be7 11. O-O-O O-O 12. g4 d5 13. cxd5 exd5 14. d4 cxd4 15. Na4 Bxg4 16. Bxg4 Nxg4 17. Rhg1 Rac8+ 18. Kb1 Nxf2 19. Rde1 Ne4 20. Bh6 Bf6 21. Nb6 Rc6 22.
Nd7 Rd8 23. Nxf6+ Rxf6 24. Bxg7 Rg6 25. Rxg6 fxg6 26. Bxd4 Rf8 27. Rc1 Rf3 28. Rc7 Rf1+ 29. Kc2 Rf7 30. Rxf7 Kxf7 31. Kd3 Ke6 32. b4 b5 33. a3 Nd6 34. Bc5 Nc4 35. a4 bxa4 36. Kc2 a3 37. Kb3 Ke5 0

[Event "Torneo Nuevo Centro. Jornada 10"]
[Site "Chess.com"]
[Date "2020.08.21"]
[Round "8"]
[White "Carbonell Bofill, Carlos Eloy"]
[Black "Rodriguez Rodriguez, Joan David "]
[Result "0-1"]
[WhiteElo "1902"]
[BlackElo "1755"]
[TimeControl "180+2"]
[EndTime "11:57:58 PDT"]
[Termination "Victoria de Not_Jr_chess por jaque mate"]

1. d4 d5 2. Nf3 Nf6 3. Bg5 Nbd7 4. Nbd2 h6 5. Bh4 c6 6. c3 e6 7. Qc2 Be7 8. e4 dxe4 9. Nxe4 a5 10. a4 Nxe4 11. Bxe7 Qxe7 12. Qxe4 Nf6 13. Qe5 O-O 14. Bd3 Rd8 15. O-O Rd5 16. Qe3 Rh5 17. Ne5 Nd5 18.
Qe4 Nf6 19. Qe2 Bd7 20. f4 g6 21. Kh1 Kg7 22. Rg1 Nd5 23. Raf1 Rxh2+ 24. Kxh2 Qh4# 0

[Event "Torneo Nuevo Centro. Jornada 10"]
[Site "Chess.com"]
[Date "2020.08.21"]
[Round "8"]
[White "Méndez Giménez , Néstor Emmanuel"]
[Black "Cebolla Ruiz, David"]
[Result "0-1"]
[WhiteElo "1247"]
[BlackElo "1549"]
[TimeControl "180+2"]
[EndTime "11:58:06 PDT"]
[Termination "Victoria de Dabelcebolla por jaque mate"]

1. e4 c6 2. Nc3 d5 3. exd5 cxd5 4. Bb5+ Bd7 5. Bxd7+ Qxd7 6. Nf3 Nf6 7. O-O Nc6 8. d4 e6 9. Be3 Be7 10. Bf4 O-O 11. Ne5 Nxe5 12. Bxe5 Rac8 13. Qd3 a6 14. Rfe1 Ng4 15. Qg3 Nxe5 16. Rxe5 Bd6 17. Rae1 Bxe5 18. Rxe5 f6 19. Re1 Rc4 20. Qd3 Re8 21. b3 Rc6 22.
a4 Rec8 23. Ne2 Rxc2 24. Nf4 Rc1 25. Qe2 Rxe1+ 26. Qxe1 Re8 27. h3 e5 28. dxe5 fxe5 29. Nd3 e4 30. Nc5 Qc6 31. Qc3 b6 32. Nxe4 Qxc3 33. Nxc3 Re1+ 34. Kh2 d4 35. Nd5 b5 36.
axb5 axb5 37. Kg3 d3 38. Nc3 d2 39. Kf3 d1=Q+ 40. Nxd1 Rxd1 41. Ke3 Rb1 42. Kd4 Rxb3 43. Ke4 Rc3 44. Kd4 Rc8 45. f4 b4 46. g4 b3 47. h4 b2 48. g5 b1=Q 49. f5 Qd1+ 50. Ke3 Re8+ 51. Kf2 Re2+ 52. Kf3 Qd3+ 53. Kg4 Re4+ 54.
Kh5 Qf3# 0

[Event "Torneo Nuevo Centro. Jornada 10"]
[Site "Chess.com"]
[Date "2020.08.21"]
[Round "8"]
[White "Valmaña Cantó, Jaime"]
[Black "Bosch Jordà, Ricard"]
[Result "1-0"]
[WhiteElo "2357"]
[BlackElo "1939"]
[TimeControl "180+2"]
[EndTime "11:58:27 PDT"]
[Termination "Victoria de barberbirborbur por abandono"]

1. e4 c6 2. Nc3 d5 3. Nf3 dxe4 4. Nxe4 Nd7 5. Bc4 g6 6. d4 Bg7 7. Bxf7+ Kxf7 8. Neg5+ Ke8 9. Ne6 Qb6 10. Bf4 Bh6 11.
Nc7+ Kd8 12. Ne6+ Ke8 13. Nc7+ Kd8 14. Nxa8 Qa5+ 15. Bd2 Bxd2+ 16. Nxd2 b6 17. O-O Bb7 18. Nc4 Qd5 19. Ne3 Qg5 20. Nxb6 axb6 21. a4 Ngf6 22. a5 bxa5 23. Qe1 Ke8 24. Rxa5 Qf4 25. Qb4 Qc7 26. Ra7 c5 27. Qxb7 Qxb7 28. Rxb7 cxd4 29. Nc4 Kf7 30. Re1 Re8 31. Rb1 Nc5 32. Nd6+ Kf8 33. Nxe8 Nxb7 34.
Nxf6 exf6 35. Rd1 Nd6 36. Rxd4 Nb5 1

[Event "Torneo Nuevo Centro. Jornada 10"]
[Site "Chess.com"]
[Date "2020.08.21"]
[Round "8"]
[White "Miranda Calvo, Max Rodrigo"]
[Black "Birnoveanu, Petru"]
[Result "0-1"]
[WhiteElo "1353"]
[BlackElo "1717"]
[TimeControl "180+2"]
[EndTime "11:58:33 PDT"]
[Termination "Victoria de piculet por tiempo"]

1. e4 e6 2. d4 d5 3. exd5 exd5 4. Nc3 c6 5. Bd3 Bd6 6. Nge2 Ne7 7. O-O Qc7 8. Ng3 h5 9. h4 Bxg3 10. fxg3 Qxg3 11. Bg5 f6 12. Rf3 Qg4 13. Bd2 Qxh4 14. Qe2 Bg4 15. Re1 f5 16. Qxe7+ Qxe7 17. Rxe7+ Kxe7 18. Re3+ Kf6 19. Ne2 Nd7 20. Ng3 g6 21. Re1 Raf8 22. Rf1 Kg7 23. c4 Nf6 24. cxd5 Nxd5 25. Bc4 Re8 26. Bg5 Ne3 27. Bxe3 Rxe3 28. Kh2 h4 29. Nh1 Be2 30. Bxe2 Rxe2 31. Kh3 Rxb2 32. a3 Rb3+ 0

[Event "Torneo Nuevo Centro. Jornada 10"]
[Site "Chess.com"]
[Date "2020.08.21"]
[Round "8"]
[White "Roca Cruz, Rafael"]
[Black "Garcia, Jhoel"]
[Result "0-1"]
[WhiteElo "1824"]
[BlackElo "2386"]
[TimeControl "180+2"]
[EndTime "11:58:54 PDT"]
[Termination "Victoria de shoels por tiempo"]

1. d4 g6 2. c4 Bg7 3. Nc3 d6 4. e4 Nf6 5. Bg5 O-O 6. Qd2 c5 7. d5 e6 8. Bd3 exd5 9. cxd5 a6 10. a4 Nbd7 11. Nf3 Qc7 12. O-O c4 13. Bc2 Nc5 14.
Bh6 Bd7 15. Rfe1 Rfe8 16. Bxg7 Kxg7 17. h3 Kg8 18. Qh6 Qd8 19. e5 dxe5 20. Rxe5 Rxe5 21.
Nxe5 Qe7 22. f4 Re8 23. Rf1 Qd6 24. Qg5 Kg7 25. Ng4 Bxg4 26. hxg4 Nd3 27. Bxd3 cxd3 28.
f5 h6 29. Qd2 Nxg4 30. Rf4 Re1+ 31. Qxe1 Qxf4 32. f6+ Kh7 33. g3 d2 0

[Event "Torneo Nuevo Centro. Jornada 10"]
[Site "Chess.com"]
[Date "2020.08.21"]
[Round "8"]
[White "Rabbani Perez, Ayoub "]
[Black "Perrot, Fabien "]
[Result "0-1"]
[WhiteElo "391"]
[BlackElo "1114"]
[TimeControl "180+2"]
[EndTime "11:58:54 PDT"]
[Termination "Victoria de InspiredMinds por jaque mate"]

1. g4 d5 2. g5 e5 3. g6 hxg6 4.
Nf3 e4 5. Nd4 f5 6. Nb3 Be6 7.
Na5 c6 8. Nxb7 Qc7 9. Nc5 Qd6 10. Nd3 Nd7 11. f3 exd3 12. exd3 Rxh2 13. Rxh2 Qxh2 14.
Bg2 Qg1+ 15. Ke2 Qxg2+ 16. Ke3 Qg5+ 17. Kd4 Qf4+ 18. Kc3 Qc4+ 19. dxc4 dxc4 20. Kd4 Bc5+ 21.
Kc3 Ngf6 22. d4 Bb6 23. d5 cxd5 24. f4 Ne4+ 25. Kb4 Bc5+ 26. Ka4 Nb6+ 27. Kb5 Bd7+ 28.
Ka6 Bc8+ 29. Kb5 a6+ 30. Kc6 Bd7+ 31. Kb7 Bc8+ 32. Kc6 Bd7+ 33. Kc7 Rc8+ 34. Kb7 Nd6+ 35. Ka7 Ra8# 0

[Event "Torneo Nuevo Centro. Jornada 10"]
[Site "Chess.com"]
[Date "2020.08.21"]
[Round "8"]
[White "Aguado, Pablo Luis"]
[Black "Buenafe Moya, Javier"]
[Result "0-1"]
[WhiteElo "1929"]
[BlackElo "1867"]
[TimeControl "180+2"]
[EndTime "11:59:18 PDT"]
[Termination "Victoria de JavierBuenafeMoya por tiempo"]

1. d4 Nf6 2. c4 e6 3. Nc3 Bb4 4. Bd2 O-O 5. e3 c5 6. Nf3 d5 7. cxd5 Bxc3 8. Bxc3 Qxd5 9. dxc5 Qxc5 10. Bxf6 gxf6 11.
Be2 Nc6 12. O-O Kh8 13. Rc1 Qe7 14. Bd3 Rg8 15. Bb1 f5 16. Nd4 Bd7 17. f3 Rg7 18.
Rf2 Rag8 19. Qd2 Qf6 20. Nxf5 exf5 21. Qxd7 f4 22. exf4 Qxf4 23. Rcf1 Qe3 24. Kh1 f6 25. Qf5 Re8 26. h3 Nd4 27. Qd3 Qf4 28. Rd2 Rd8 29. Qc3 Rgd7 30. Rfd1 Qe5 31. Rd3 Rd6 32. Qd2 R8d7 33. Qe2 Nxe2 0